 Dungeon Crawl Stone Soup version 0.31-a0-446-g07c4bd200f (webtiles) character file.

Game seed: 9271133976507294787

661 Ethylacetat the Insei (level 7, -7/39 HPs)
             Began as a Vine Stalker Monk on Aug 3, 2023.
             Mangled by an ice beast (13 damage)
             ... on level 6 of the Dungeon.
             The game lasted 00:06:45 (3797 turns).

Ethylacetat the Insei (Vine Stalker Monk)           Turns: 3797, Time: 00:06:46

Health: -7/39      AC:  3    Str: 14    XL:     7   Next: 56%
Magic:  0/14       EV: 13    Int: 10    God:
Gold:   265        SH:  0    Dex: 24    Spells: 14/14 levels left

rFire   . .          .
                       - Unarmed
rCold   . . .        c - orb {light}
rNeg    . . .        a - +0 robe
rPois   .            (no helmet)
rElec   .            u - +0 cloak
rCorr   .            (no gloves)
SInv    +            (no boots)
Will    .....        (no amulet)
Stlth   +            q - ring of see invisible
HPRegen 1.06/turn    j - +6 ring of dexterity
MPRegen 0.14/turn

%: guardian spirit
@: glowing
A: fangs 2, regeneration 1, magic shield, antimagic bite, no potion heal 2
a: no special abilities


You were on level 6 of the Dungeon.
You visited 1 branch of the dungeon, and saw 6 of its levels.
You also visited: Sewer.

You collected 265 gold pieces.

Inventory:

Armour
 a - a +0 robe (worn)
 c - an orb of light (worn)
 u - a +0 cloak (worn)
Jewellery
 j - a +6 ring of dexterity (right hand)
 q - a ring of see invisible (left hand)
 v - a ring of protection from fire
Scrolls
 e - 3 scrolls of identify {unknown}
 g - 3 scrolls of immolation {unknown}
 i - 5 scrolls of poison {unknown}
 k - a scroll of revelation {unknown}
 m - a scroll of torment {unknown}
 n - a scroll of teleportation {unknown}
 o - a scroll of brand weapon {unknown}
 r - a scroll of fear {unknown}
 t - a scroll of blinking
 w - a scroll of enchant armour {unknown}
Potions
 b - 2 potions of ambrosia
 d - 2 potions of attraction {unknown}
 f - a potion of cancellation {unknown}
 h - 2 potions of brilliance {unknown}
 l - a potion of might {unknown}
 p - a potion of heal wounds {unknown}
 s - a potion of invisibility {unknown}


   Skills:
 + Level 5.0 Fighting
 - Level 2.4 Dodging
 + Level 5.4 Unarmed Combat
 + Level 4.4 Spellcasting


You had 14 spell levels left.
You didn't know any spells.
Your spell library was empty.

Dungeon Overview and Level Annotations

Branches:
Dungeon (6/15)              Sewer (visited)
 Temple: D:4-7

Altars:
Makhleb
Qazlal
Trog
Uskayaw
Vehumet


Innate Abilities, Weirdness & Mutations

You have extremely sharp teeth.
Your natural rate of healing is unusually fast.
When hurt, damage is shared between your health and your magic reserves.
Your bite disrupts and absorbs the magic of your enemies.
Potions cannot restore your health.


Message History

You feel sick.
The iguana bites the bush but does no damage.
The orc closely misses you. The adder bites you.
There is a stone staircase leading up here.
You feel sick.
The iguana bites the bush!
The orc wizard points at you and mumbles some strange words.
The puff of flame hits you!
The orc hits the bush but does no damage.
The orc hits you with a +0 club. The adder bites you.
You climb upwards.
You feel sick.
You are no longer poisoned.
There is a stone staircase leading down here.
You hit the adder.
The adder is almost dead.
The adder completely misses you. The orc hits you but does no damage.
You hit the adder.
You kill the adder!
The orc hits you with a +0 club.
You hit the orc.
The orc is severely wounded.
The orc hits you but does no damage.
You hit the orc.
You kill the orc!
No target in view!
No target in view!
You start resting.
HP restored.
You climb downwards.
The ice beast hits you. The ice beast freezes you! The iguana bites you!
The orc throws a stone.
The stone hits you but does no damage. The ice beast hits you.
The ice beast freezes you!
* * * LOW HITPOINT WARNING * * *
The iguana bites you.
* * * LOW HITPOINT WARNING * * *
The orc throws a stone.
The stone barely misses you.
There is a stone staircase leading up here.
The ice beast hits you.
* * * LOW HITPOINT WARNING * * *
The ice beast freezes you!
You die... ############.# #..l@........# #.##Y...!..... #oPPPPPPP.#

#...o.....#
#.P.PPP.P.#
#.P.. .P .
#.P.._ P
#.P....


You could see an ice beast, an iguana, an orc wizard and an orc.

Vanquished Creatures
  A centaur (D:5)
  2 bullfrogs (Sewer)
  A scorpion (D:3)
  2 hounds
  A jelly (D:5)
  2 iguanas
  Jessica (D:2)
  A river rat (D:4)
  6 adders
  An ufetubus (D:5)
  2 worms
  3 dart slugs
  5 orcs
  12 endoplasms
  15 giant cockroaches
  7 goblins
  14 hobgoblins
  8 jackals
  6 kobolds
  10 quokkas
  19 ball pythons
  10 bats
  11 frilled lizards
  4 rats
144 creatures vanquished.

Notes
Turn   | Place    | Note
-------+----------+-------------------------------------------
     0 | D:1      | Ethylacetat the Vine Stalker Monk began the quest for the
                  | Orb.
     0 | D:1      | Reached XP level 1. HP: 11/11 MP: 2/2
    16 | D:1      | Reached XP level 2. HP: 16/16 MP: 3/3
    98 | D:1      | Reached skill level 1 in Spellcasting
   229 | D:1      | Found a faded altar of an unknown god.
   284 | D:1      | Reached XP level 3. HP: 20/20 MP: 3/5
  1015 | D:2      | Noticed Jessica
  1022 | D:2      | Killed Jessica
  1023 | D:2      | Gained mutation: Your natural rate of healing is unusually
                  | fast. [Vine Stalker growth]
  1023 | D:2      | Reached XP level 4. HP: 24/24 MP: 7/7
  1717 | D:3      | Reached XP level 5. HP: 25/29 MP: 9/9
  1755 | D:3      | Found a radiant altar of Vehumet.
  1883 | D:3      | Found a bloodstained altar of Trog.
  2215 | D:4      | Reached XP level 6. HP: 30/33 MP: 9/11
  2459 | D:4      | Found a glowing drain.
  2483 | Sewer    | Entered a sewer
  2794 | Sewer    | Reached XP level 7. HP: 23/38 MP: 10/13
  2898 | D:4      | Reached skill level 5 in Unarmed Combat
  3180 | D:5      | Entered Level 5 of the Dungeon
  3555 | D:5      | Found a hide-covered altar of Uskayaw.
  3642 | D:5      | Noticed a fire elemental
  3646 | D:5      | Reached skill level 5 in Fighting
  3651 | D:5      | Found a stormy altar of Qazlal.
  3654 | D:5      | Noticed an air elemental
  3654 | D:5      | Noticed a water elemental
  3769 | D:6      | Found a burning altar of Makhleb.
  3797 | D:6      | Mangled by an ice beast

Illustrated notes

Levels and vault maps discovered:
D:1:      spicycebolla_arrival_risky_transporter, layout_rooms,
          shapermc_ecumenical_altar_petra, minmay_stone_trees_small
D:2:      layout_basic, kennysheep_nondescript, uniq_jessica
D:3:      layout_basic, trog_hazing_becter, mainiacjoe_overflow_catwalk
D:4:      layout_basic, portal_sewer_entry_b
D:5:      layout_rooms, nicolae_qazlal_style_of_elements,
          nicolae_uskayaw_murder_on_the_dancefloor
D:6:      corexii_shack_village, layout_loops_ring,
          mainiacjoe_overflow_cross_hatched, serial_shops, shop

Skill      XL: |  1  2  3  4  5  6  7 |
---------------+----------------------+-----
Spellcasting   | 1 2 3 4 |  4.4
Fighting       | 3 4 5 |  5.0
Unarmed Combat | 4 5 |  5.4
Dodging        | |  2.4

Action                     |  1- 3 |  4- 6 |  7- 9 || total
---------------------------+-------+-------+-------++-------
  Melee: Unarmed           |    67 |   255 |    54 ||   376
         Bite              |    25 |    75 |    30 ||   130
 Armour: Robe              |    10 |    42 |    13 ||    65
  Dodge: Dodged            |    36 |   182 |    47 ||   265

Table legend: (Time is in decaauts)
 A = Elapsed time spent in this place.
 B = Non-inter-level travel time spent in this place.
 C = Inter-level travel time spent in this place.
 D = Time resting spent in this place.
 E = Time spent auto-exploring this place.
 F = Levels seen in this place.
 G = Mean time per level.
                   A        B        C        D        E       F      G
               +--------+--------+--------+--------+--------+-----+--------+
         Total |   3830 |   3647 |    183 |     35 |   2579 |   7 |  547.1 |
       Dungeon |   3422 |   3239 |    183 |     35 |   2404 |   6 |  570.3 |
         Sewer |    408 |    408 |      0 |      0 |    174 |   1 |  408.0 |
               +--------+--------+--------+--------+--------+-----+--------+

Top non-repeatable levels by time:
     D:2: 865 daAuts
     D:1: 660 daAuts
     D:3: 654 daAuts
     D:4: 628 daAuts
     D:5: 601 daAuts
   Sewer: 408 daAuts
     D:6: 11 daAuts
